 Dungeon Crawl Stone Soup version 0.30-a0-341-g682706514a (webtiles) character file.

Game seed: 303781160442319643

43 frostphoto the Chopper (level 3, 0/29 HPs)
             Began as a Human Berserker on Nov 1, 2022.
             Was a Follower of Trog.
             Succumbed to a kobold's poison
             ... on level 2 of the Dungeon.
             The game lasted 00:12:40 (599 turns).

frostphoto the Chopper (Human Berserker)             Turns: 599, Time: 00:12:40

Health: 0/29       AC:  5    Str: 18 (19) XL:     3   Next: 82%
Magic:  3/3        EV: 11    Int:  6 (7)  God:    Trog [*.....]
Gold:   14         SH:  0    Dex: 10 (12) Spells: 2/2 levels left

rFire   . . .      SeeInvis .    i - +1 dagger (venom)
rCold   . . .      Faith    .    (no shield)
rNeg    . . .      Spirit   .    n - +0 ring mail
rPois   .          Reflect  .    (no helmet)
rElec   .          Harm     .    (no cloak)
rCorr   .          Rampage  .    (no gloves)
Will    .....                    (no boots)
Stlth   ..........               (no amulet)
HPRegen 0.24/turn                (no ring)
MPRegen 0.08/turn                (no ring)

@: lethally poisoned (0 -> -8)
A: no striking features
a: Renounce Religion, Berserk


You were on level 2 of the Dungeon.
You worshipped Trog.
Trog was aware of your devotion.
You visited 1 branch of the dungeon, and saw 2 of its levels.

You collected 14 gold pieces.

Inventory:

Hand Weapons
 a - a +0 hand axe
 i - a +1 dagger of venom (weapon)
 l - a +0 dagger
 m - a +0 dagger
 o - a +0 club
 p - a +0 dagger
Missiles
 k - a throwing net (quivered)
Armour
 b - a +0 animal skin
 c - a +0 chain mail
 f - a +0 helmet
 n - a +0 ring mail (worn)
Scrolls
 e - a scroll of blinking {unknown}
 h - a scroll of brand weapon {unknown}
 j - 2 scrolls of teleportation
Potions
 d - 2 potions of attraction
 g - a potion of brilliance {unknown}


   Skills:
 + Level 3.6 Fighting
 + Level 0.1 Short Blades
 + Level 3.7 Axes
 + Level 2.1 Armour
 + Level 2.1 Dodging
 + Level 0.1 Stealth


You had 2 spell levels left.
You didn't know any spells.
Your spell library contained the following spells:

 Spells                   Type           Power      Damage    Failure   Level
 Ignite Poison            Fire/Tmut/Pois 0%         N/A       95%         3
 Sticky Flame             Conj/Fire      0%         2d3       100%        4
 Ignition                 Fire           0%         3d3       100%        8


Dungeon Overview and Level Annotations

Branches:
Dungeon (2/15)

Altars:


Message History

The adder bites you but does no damage.
You hit the adder.
The adder looks as sick as possible!
Your punch misses the adder.
The adder is moderately wounded.
The adder closely misses you.
You closely miss the adder.
The adder is moderately wounded.
The adder bites you but does no damage.
A bat comes into view.
You barely miss the adder.
The adder is severely wounded.
You kill the adder!
Trog accepts your kill.
The kobold hits you with a +2 short sword of venom.
You are poisoned.
You feel very sick.
The kobold hits you with a +2 short sword of venom.
You are lethally poisoned!
You see here an adder corpse.
You barely miss the kobold.
You feel very sick. The bat hits you but does no damage.
The kobold hits you with a +2 short sword of venom.
You hit the kobold.
The kobold is poisoned.
The kobold is severely wounded.
* * * LOW HITPOINT WARNING * * *
You feel very sick.
You kill the kobold!
Trog accepts your kill. The bat hits you but does no damage.
The bat attacks as you move away! The bat barely misses you.
* * * LOW HITPOINT WARNING * * *
You feel very sick. The bat barely misses you.
Things that are here:
a +2 short sword of venom; a kobold corpse A rat comes into view.
* * * LOW HITPOINT WARNING * * *
You feel very sick.
You die...

>. ##.. .#... ###
#..... #.##......
#<#...# ###....#
###@.)†#.#
#......b.#
......[......#
......#....<......
......#........###
...............#
..r....#.....#..#
.......########.#
#.. .#


You could see a bat and a rat.

Vanquished Creatures
  An adder (D:2)
  3 endoplasms (D:1)
  5 giant cockroaches
  4 goblins (D:1)
  4 hobgoblins (D:1)
  2 quokkas (D:1)
  A ball python (D:1)
  2 bats (D:1)
  3 frilled lizards
  2 kobolds
  3 rats (D:1)
30 creatures vanquished.

Notes
Turn   | Place    | Note
-------+----------+-------------------------------------------
     0 | D:1      | frostphoto the Human Berserker began the quest for the Orb.
     0 | D:1      | Reached XP level 1. HP: 18/18 MP: 1/1
    48 | D:1      | Reached XP level 2. HP: 6/24 MP: 2/2
   367 | D:1      | Reached XP level 3. HP: 24/29 MP: 3/3
   599 | D:2      | Succumbed to a kobold's poison

Illustrated notes

Levels and vault maps discovered:
D:1:      dpeg_arrival_simpleton_c, layout_rooms, st_stairs_14
D:2:      layout_rooms

Action                   || total
-------------------------++-------
Melee: Hand axe          ||    48
       Dagger            ||    28
Throw: Throwing net      ||     1
Invok: Berserk           ||     2
  Use: Scroll            ||     2
       Potion            ||     5
Armor: Animal skin       ||     2
       Ring mail         ||    21
Dodge: Dodged            ||    47

Table legend: (Time is in decaauts)
 A = Elapsed time spent in this place.
 B = Non-inter-level travel time spent in this place.
 C = Inter-level travel time spent in this place.
 D = Time resting spent in this place.
 E = Time spent auto-exploring this place.
 F = Levels seen in this place.
 G = Mean time per level.
                   A        B        C        D        E       F      G
               +--------+--------+--------+--------+--------+-----+--------+
         Total |    637 |    595 |     42 |      0 |      0 |   2 |  318.5 |
       Dungeon |    637 |    595 |     42 |      0 |      0 |   2 |  318.5 |
               +--------+--------+--------+--------+--------+-----+--------+

Top non-repeatable levels by time:
     D:1: 620 daAuts
     D:2: 16 daAuts
